 Dungeon Crawl Stone Soup version 0.31.0-9-g3a7656b989 (webtiles) character file.

Game seed: 12384503873267160893

956 qw the Skirmisher (level 7, -1/40 HPs)
             Began as a Deep Elf Hunter on Feb 2, 2024.
             Slain by a gnoll bouda
             ... wielding a +0 club
              (4 damage)
             ... on level 6 of the Dungeon.
             The game lasted 00:00:19 (3904 turns).

qw the Skirmisher (Deep Elf Hunter)                 Turns: 3904, Time: 00:00:20

Health: -1/40      AC:  8    Str: 10    XL:     7   Next: 91%
Magic:  9/9        EV: 11    Int: 12    God:
Gold:   347        SH:  5    Dex: 18    Spells: 6/6 levels left

rFire   . . .        a - +1 shortbow
rCold   . . .        (shield currently unavailable)
rNeg    + + +        c - +0 ring mail of the Thistle {rElec rN+++ Will+ Int-2}
rPois   .            n - +0 helmet
rElec   +            f - +0 cloak
rCorr   .            h - +0 pair of gloves
SInv    .            (no boots)
Will    +....        d - amulet of reflection
Stlth   +            k - +4 ring of slaying {mikee}
HPRegen 0.26/turn    (no ring)
MPRegen 0.11/turn

%: reflection
@: about to teleport
A: no striking features
a: no special abilities


You were on level 6 of the Dungeon.
You visited 1 branch of the dungeon, and saw 6 of its levels.

You collected 347 gold pieces.


   Skills:
 + Level 2.8 Fighting
 - Level 12.0 Ranged Weapons
 - Level 1.0 Armour
 - Level 3.1 Dodging
 - Level 1.2 Stealth


You had 6 spell levels left.
You didn't know any spells.
Your spell library was empty.

Inventory:

Hand Weapons
 a - a +1 shortbow (weapon)
Armour
 c - the +0 ring mail of the Thistle (worn) {rElec rN+++ Will+ Int-2}
   (You found it on level 2 of the Dungeon)

   Int-2:     It affects your intelligence (-2).
   rElec:     It insulates you from electricity.
   rN+++:     It renders you almost immune to negative energy.
   Will+:     It increases your willpower.
 f - a +0 cloak (worn)
 h - a +0 pair of gloves (worn)
 n - a +0 helmet (worn)
Jewellery
 d - an amulet of reflection (around neck)
 k - a +4 ring of slaying (left hand) {mikee}
Scrolls
 j - a scroll of teleportation
 l - a scroll of identify
 o - a scroll of fear {unknown}
Potions
 b - 4 potions of curing
 e - a potion of cancellation
 g - a potion of might
 i - a potion of haste
 p - a potion of invisibility {unknown}

Dungeon Overview and Level Annotations

Branches:
Dungeon (6/15)
 Temple: D:4-7

Altars:
Ashenzari
Cheibriados
Nemelex Xobeh


Message History

The iguana is severely wounded.
The ufetubus slips past you! You block the ufetubus's attack.
The ufetubus barely misses you.
The iguana bites you but does no damage.
You shoot an arrow. The arrow barely misses the iguana.
The ufetubus closely misses you. The ufetubus hits you.
The ufetubus barely misses you.
The ufetubus hits you but does no damage.
The gnoll hits you from afar with a +0 spear.
The gnoll hits you with a +0 whip of flaming.
The gnoll burns you. The iguana closely misses you.
You shoot an arrow. The arrow hits the iguana!
You kill the iguana!
You hear a shout!
The ufetubus hits you but does no damage.
You block the ufetubus's attack.
The gnoll hits you from afar with a +0 spear.
You hear a shout! x2
You shoot an arrow. The arrow hits the gnoll!
The gnoll is severely wounded.
The ufetubus hits you. The ufetubus closely misses you.
The ufetubus hits you. x2
The gnoll hits you from afar with a +0 spear.
You block the gnoll's attack. The gnoll hits you but does no damage.
You shoot an arrow. The arrow hits the gnoll!
You kill the gnoll!
You block the ufetubus's attack. The ufetubus closely misses you.
The gnoll barely misses you. The gnoll closely misses you.
The gnoll hits you from afar with a +0 spear.
The gnoll bouda hits you with a +0 club.
3904 ||| READING 2 scrolls of teleportation.
As you read the scroll of teleportation, it crumbles to dust.
You feel strangely unstable.
The ufetubus hits you but does no damage.
The ufetubus barely misses you. x2
The ufetubus hits you but does no damage.
You block the gnoll's attack. The gnoll hits you but does no damage.
The gnoll misses you.
A kobold comes into view. It is wielding a +0 dagger.
The gnoll bouda hits you with a +0 club.
You die...

### ... .... .
..... ..:
##+#.....
....###..%.....
.....K.ggg..#
#.@)g..#
#5#.#### #K .#
#. .# .. .. ..
.. #### ### ###
# #>.. #
#.#..K########
#


You could see a gnoll bouda, 3 gnolls, an ufetubus and 2 kobolds.

Vanquished Creatures
  A water moccasin (D:5)
  3 scorpions (D:5)
  A jelly (D:5)
  4 hounds
  A bombardier beetle (D:5)
  3 orc priests
  A sleepcap (D:5)
  2 orc wizards (D:5)
  4 iguanas
  A gnoll (D:6)
  8 adders
  A white imp (D:6)
  An ufetubus (D:6)
  2 dart slugs
  5 ribbon worms
  17 orcs
  3 ball pythons (D:4)
  6 bats
  3 endoplasms
  4 giant cockroaches
  7 goblins
  6 hobgoblins
  9 jackals
  8 kobolds
  3 quokkas (D:1)
  A frilled lizard (D:1)
  6 rats
111 creatures vanquished.

Notes
Turn   | Place    | Note
-------+----------+-------------------------------------------
     0 | D:1      | qw the Deep Elf Hunter began the quest for the Orb.
     0 | D:1      | Reached XP level 1. HP: 12/12 MP: 3/3
     0 | D:1      | 0 ||| qw: Version: 0.3-a-155-g5e7d8dd
     0 | D:1      | 0 ||| qw: Game counter: 2167
     0 | D:1      | 0 ||| qw: Melee chars always use a shield: true
     0 | D:1      | 0 ||| qw: God list: Okawaru
     0 | D:1      | 0 ||| qw: Allow faded altars: false
     0 | D:1      | 0 ||| qw: Do Orc after clearing Dungeon:15 true
     0 | D:1      | 0 ||| qw: Do second Lair branch before Depths: true
     0 | D:1      | 0 ||| qw: Lair rune preference: random
     0 | D:1      | 0 ||| qw: Goals: Normal
     0 | D:1      | 0 ||| PLANNING D:1-11
    38 | D:1      | 38 ||| RETREEEEATING.
    46 | D:1      | Reached XP level 2. HP: 13/16 MP: 4/4
    51 | D:1      | Reached skill level 6 in Ranged Weapons
   571 | D:1      | 571 ||| UPGRADING to +0 scale mail.
   581 | D:1      | 581 ||| DROPPING +0 leather armour.
   582 | D:1      | 582 ||| UPGRADING to +0 pair of gloves.
   587 | D:1      | 587 ||| READING scroll labelled KASERISIEH.
   587 | D:1      | 587 ||| IDENTIFYING orange potion
   588 | D:1      | 588 ||| READING scroll labelled QEUFUZEBAREGY.
   591 | D:1      | 591 ||| DRINKING 2 brown potions.
   592 | D:1      | 592 ||| DRINKING amethyst potion.
   598 | D:1      | 598 ||| DROPPING scroll of butterflies.
   599 | D:1      | 599 ||| DROPPING potion of ambrosia.
   615 | D:2      | 615 ||| STAIRDANCE
   620 | D:1      | Reached XP level 3. HP: 19/20 MP: 5/5
   785 | D:2      | Reached skill level 7 in Ranged Weapons
   853 | D:2      | Identified the +0 ring mail of the Thistle {rElec rN+++
                  | Will+ Int-2}
   896 | D:2      | Found a faded altar of an unknown god.
  1387 | D:2      | 1387 ||| UPGRADING to +0 ring mail of the Thistle {rElec
                  | rN+++ Will+ Int-2}.
  1397 | D:2      | 1397 ||| DROPPING +0 scale mail.
  1398 | D:2      | 1398 ||| READING scroll of identify.
  1398 | D:2      | 1398 ||| IDENTIFYING lumpy cyan potion
  1399 | D:2      | 1399 ||| DRINKING 2 bubbling blue potions.
  1400 | D:2      | 1400 ||| DROPPING potion of berserk rage.
  1455 | D:3      | Reached XP level 4. HP: 25/25 MP: 6/6
  2030 | D:3      | 2030 ||| UPGRADING to amulet of reflection.
  2035 | D:3      | 2035 ||| UPGRADING to +4 ring of slaying {mikee}.
  2036 | D:3      | 2036 ||| READING scroll labelled FAPPIK VICIUGG.
  2037 | D:3      | 2037 ||| READING scroll labelled PUMUKHLUDUMP.
  2038 | D:3      | 2038 ||| READING scroll labelled GUNIBR JIDI.
  2139 | D:3      | 2139 ||| READING scroll labelled ANEUSO JIEDYW.
  2334 | D:4      | Reached skill level 8 in Ranged Weapons
  2548 | D:4      | 2548 ||| UPGRADING to +0 cloak.
  2553 | D:4      | 2553 ||| UPGRADING to +0 helmet.
  2558 | D:4      | 2558 ||| READING scroll labelled UDIGGE JYLI.
  2558 | D:4      | 2558 ||| ENCHANTING +0 shortbow.
  2559 | D:4      | 2559 ||| DRINKING 2 metallic golden potions.
  2581 | D:5      | Entered Level 5 of the Dungeon
  2587 | D:5      | Reached skill level 1 in Armour
  2587 | D:5      | Reached XP level 5. HP: 29/29 MP: 7/7
  2619 | D:5      | Found a snail-covered altar of Cheibriados.
  2622 | D:5      | Found a broken altar of Ashenzari.
  2629 | D:5      | Found a sparkling altar of Nemelex Xobeh.
  2685 | D:5      | Reached skill level 9 in Ranged Weapons
  2784 | D:5      | Reached XP level 6. HP: 35/35 MP: 8/8
  2868 | D:5      | 2868 ||| RETREEEEATING.
  2871 | D:5      | 2871 ||| RETREEEEATING.
  2889 | D:5      | Reached skill level 10 in Ranged Weapons
  2979 | D:5      | Reached skill level 3 in Dodging
  3055 | D:5      | Reached XP level 7. HP: 40/40 MP: 9/9
  3192 | D:5      | Reached skill level 11 in Ranged Weapons
  3366 | D:5      | 3366 ||| READING scroll of identify.
  3366 | D:5      | 3366 ||| IDENTIFYING purple potion
  3367 | D:5      | 3367 ||| READING scroll labelled NACVINK TIWA.
  3368 | D:5      | 3368 ||| READING scroll labelled ROCLYI IKOLEC.
  3469 | D:5      | 3469 ||| READING scroll labelled QON JUV KETUKK.
  3546 | D:6      | 3546 ||| STAIRDANCE
  3581 | D:6      | 3581 ||| STAIRDANCE
  3826 | D:6      | Reached skill level 12 in Ranged Weapons
  3892 | D:6      | HP: 6/40 [something/magic dart (6)]
  3893 | D:6      | 3893 ||| READING 3 scrolls of teleportation.
  3894 | D:6      | 3894 ||| DRINKING potion of heal wounds.
  3903 | D:6      | HP: 8/40 [gnoll/+0 spear[a gnoll bouda] (6)]
  3903 | D:6      | HP: 3/40 [gnoll bouda/+0 club (5)]
  3904 | D:6      | 3904 ||| READING 2 scrolls of teleportation.
  3904 | D:6      | Slain by a gnoll bouda

Levels and vault maps discovered:
D:1:      dpeg_arrival_shrine, layout_basic
D:2:      layout_basic, dreamdust_ecumenical_altar_statues
D:3:      layout_basic
D:4:      layout_cave_pools, corexii_shack
D:5:      layout_gridville, gammafunk_temple_overflow_forgotten
D:6:      layout_basic, mainiacjoe_overflow_24_doors,
          hangedman_abyss_or_decor_passed, kennysheep_generic_room_14

Skill      XL: |  1  2  3  4  5  6  7 |
---------------+----------------------+-----
Ranged Weapons | 6 7 8 9 10 12 | 12.0
Armour         | 1 |  1.0
Fighting       | 2 |  2.8
Dodging        | 3 |  3.1
Stealth        | |  1.2

Action                     |  1- 3 |  4- 6 |  7- 9 || total
---------------------------+-------+-------+-------++-------
   Fire: Shortbow          |   143 |   127 |    87 ||   357
    Use: Scroll            |     3 |     5 |     6 ||    14
         Potion            |     3 |     1 |     1 ||     5
 Armour: Leather armour    |    15 |       |       ||    15
         Scale mail        |    25 |       |       ||    25
         Ring mail         |     4 |    26 |    65 ||    95
  Dodge: Dodged            |    31 |    17 |    46 ||    94
  Block: Other             |       |     8 |    15 ||    23

Table legend:
 A = Non-vault XP
 B = Vault XP
 C = Vault XP percentage of total XP
 D = Non-vault monster count
 E = Vault monster count
 F = Vault count percentage of total count
                 A         B        C        D         E       F
            +---------+---------+-------+---------+---------+-------
      Total |    1364 |       2 |   0.1 |     110 |       1 |   0.9
            +---------+---------+-------+---------+---------+-------
        D:1 |      48 |       0 |   0.0 |      22 |       0 |   0.0
        D:2 |      41 |       0 |   0.0 |      17 |       0 |   0.0
        D:3 |      43 |       0 |   0.0 |      15 |       0 |   0.0
        D:4 |      29 |       2 |   6.5 |      10 |       1 |   9.1
        D:5 |     974 |       0 |   0.0 |      32 |       0 |   0.0
        D:6 |     229 |       0 |   0.0 |      14 |       0 |   0.0
            +---------+---------+-------+---------+---------+-------
